 Dungeon Crawl Stone Soup version 0.22-a0-458-gb446440 (webtiles) character file.

10400 pkoi the Destroyer (level 11, -13/91 HPs)
             Began as a Green Draconian Conjurer on June 8, 2018.
             Was a Believer of Dithmenos.
             Mangled by a minotaur
             ... wielding an uncursed staff of power
              (29 damage)
             ... in a labyrinth.
             The game lasted 00:29:50 (13421 turns).

pkoi the Destroyer (Green Draconian Conjurer)      Turns: 13421, Time: 00:29:51

Health: -13/91     AC: 13    Str: 11    XL:     11   Next: 35%
Magic:  6/17       EV: 15    Int: 18    God:    Dithmenos [**....]
Gold:   610        SH:  0    Dex: 12    Spells: 2/18 levels left

rFire    . . .     SeeInvis .   j - +0 long sword (holy)
rCold    . . .     Gourm    .   (no shield)
rNeg     . . .     Faith    .   (armour unavailable)
rPois    +         Spirit   .   (helmet restricted)
rElec    .         Reflect  .   d - +0 cloak
rCorr    .         Harm     .   l - +1 pair of gloves
MR       .....                  n - +2 pair of boots
Stlth    ++........             g - amulet of magic regeneration
HPRegen  0.25/turn              (no ring)
MPRegen  0.40/turn              (no ring)

@: short of breath, wreathed by umbra
A: breathe noxious fumes, unfitting armour, poison resistance, cold-blooded, AC
+7
a: Breathe Noxious Fumes, Shadow Step, Renounce Religion


You were in a labyrinth.
You worshipped Dithmenos.
Dithmenos was pleased with you.
You were very hungry.

You visited 3 branches of the dungeon, and saw 13 of its levels.
You also visited: Labyrinth.

You collected 610 gold pieces.

Inventory:

Hand Weapons
 j - a +0 long sword of holy wrath (weapon)
Armour
 d - a +0 cloak (worn)
 l - a +1 pair of gloves (worn)
 n - a +2 pair of boots (worn)
Jewellery
 g - an amulet of magic regeneration (around neck)
 y - an uncursed ring of ice
 B - an uncursed ring of wizardry
Wands
 r - a wand of flame (15)
 s - a wand of iceblast (11)
Scrolls
 b - a scroll of blinking
 f - 3 scrolls of teleportation
 m - 6 scrolls of remove curse
 o - 8 scrolls of identify
 q - 2 scrolls of enchant armour
 t - a scroll of fear
 v - a scroll of fog
Potions
 a - 2 potions of curing
 c - 2 potions of brilliance
 e - a potion of resistance
 h - a potion of flight
 i - 2 potions of agility
 k - 2 potions of heal wounds
 u - 2 potions of berserk rage
 w - a potion of ambrosia
 z - 2 potions of might {unknown}
 A - a potion of mutation {unknown}
Comestibles
 p - 17 rations


   Skills:
 + Level 6.6 Fighting
 + Level 6.0 Long Blades
 + Level 5.9 Dodging
 - Level 1.7 Stealth
 - Level 4.1 Spellcasting
 + Level 12.3 Conjurations
 - Level 2.9 Hexes
 + Level 3.1 Charms
 + Level 3.5 Necromancy
 - Level 3.0 Translocations


You had 2 spell levels left.
You knew the following spells:

 Your Spells              Type           Power        Failure   Level  Hunger
a - Magic Dart            Conj           ####         1%          1    None
b - Searing Ray           Conj           #####.       1%          2    ##.....
c - Iskenderun's Mystic   Conj           #####...     1%          4    ####...
d - Dazzling Spray        Conj/Hex       ####..       1%          3    ###....
e - Regeneration          Chrm/Necr      ###.......   11%         3    ###....
f - Apportation           Tloc           ##....       4%          1    None
g - Shroud of Golubria    Chrm/Tloc      ##........   6%          2    ##.....

Your spell library contained the following spells:

 Spells                   Type           Power        Failure   Level  Hunger
 Summon Small Mammal      Summ           #...         14%         1    None
 Animate Skeleton         Necr           N/A          3%          1    None
 Confusing Touch          Hex            ##....       4%          1    None
 Fulminant Prism          Conj/Hex       ####......   6%          4    ####...
 Force Lance              Conj/Tloc      ####....     6%          4    ####...
 Infusion                 Chrm           ###.         4%          1    None
 Song of Slaying          Chrm           ###.....     6%          2    ##.....
 Spectral Weapon          Hex/Chrm       ##......     13%         3    ###....


Dungeon Overview and Level Annotations

Branches:
Dungeon (11/15)            Temple (1/1) D:7            Lair (1/6) D:10
    Orc (0/2) D:9

Altars:
Ashenzari
Cheibriados
Dithmenos
Elyvilon
Fedhas
Gozag
Hepliaklqana
Kikubaaqudgha
Makhleb
Nemelex Xobeh
Okawaru
Qazlal
Ru
Sif Muna
Trog
Uskayaw
Vehumet
Wu Jian
Xom
Yredelemnul
Zin
The Shining One

Shops:
D:4 *   D:11 =


Innate Abilities, Weirdness & Mutations

You can breathe blasts of noxious fumes.
Your lurid green scales are hard. (AC +7)
You cannot fit into any form of body armour.
Your system is resistant to poisons. (rPois)
You are cold-blooded and may be slowed by cold attacks.


Message History

Confirm with . or Enter, or press ? or * to list all spells.
Aiming: Dazzling Spray (safe; 1% risk of failure)
Press: ? - help, Shift-Dir - straight line, f/p - minotaur
Aim: a minotaur, wielding a staff of power, wearing a plate armour and wearing an amulet of rage (lightly wounded, berserk, fast, unusually strong, umbra)
The spray of energy hits the minotaur.
The minotaur is lightly wounded.
The minotaur closely misses you.
You riposte.
You barely miss the minotaur.
The minotaur is lightly wounded.
The minotaur gores you!
* * * LOW HITPOINT WARNING * * *
Unknown command.
Press: ? - help, Shift-Dir - straight line, f/p - minotaur
Aim: a minotaur, wielding a staff of power, wearing a plate armour and wearing an amulet of rage (lightly wounded, berserk, fast, unusually strong, umbra)
You exhale a blast of noxious fumes.
The blast of choking fumes hits the minotaur.
The minotaur is lightly wounded.
You feel somewhat more hungry.
The minotaur is engulfed in noxious fumes.
The minotaur hits you with a staff of power!!
You die...

#. . ##### ## ##
. # .# # ... . .
.. ......... ..#
.#############.#
#.# .# .. .....#
..# #.#.
####.#.# . #.#
.#.... ## .. #.
#.####.##.#.# #
# #§H@....#.#. #
. . #.#######.#
#.# #. .# .. . #
#. # #. . # #.
#. .. .# #
....#.# ## ## #
##..# . # .. . .
# ### ##. . .
.## .... .. . .
#


You could see a minotaur (berserk).

Vanquished Creatures
  A hydra (D:11)
  2 two-headed ogres
  A komodo dragon (Lair:1)
  A troll (D:10)
  2 hippogriffs (D:10)
  A blink frog (Lair:1)
  Sigmund (D:3)
  9 yaks
  3 water moccasins
  2 porcupines (Lair:1)
  4 sky beasts
  2 orc warriors (D:6)
  A black bear (D:11)
  An ice beast (D:10)
  11 ogres
  2 phantoms
  4 centaurs
  3 crocodiles
  3 big kobolds
  9 bullfrogs
  A scorpion (D:4)
  A wyvern skeleton (D:8)
  7 killer bees
  4 wights (D:7)
  2 electric eels
  2 crimson imps (D:5)
  3 howler monkeys
  2 centaur zombies
  2 quasits
  7 hounds
  A jelly (D:6)
  4 orc priests
  A centaur skeleton (D:7)
  A bullfrog skeleton (D:6)
  2 iguanas
  6 orc wizards
  Natasha (D:3)
  10 worker ants
  2 hound zombies
  2 hound skeletons
  A worker ant zombie (D:9)
  7 gnolls (D:3)
  14 adders
  A shadow imp (D:6)
  An ooze (D:3)
  An adder zombie (D:8)
  4 adder skeletons
  2 worms (D:2)
  4 leopard geckos
  19 orcs
  3 ball pythons
  9 giant cockroaches
  4 goblins
  9 hobgoblins
  7 jackals
  2 quokkas
  9 bats
  2 frilled lizards
  18 kobolds
  A leopard gecko skeleton (D:6)
  A quokka skeleton (D:7)
  11 rats
254 creatures vanquished.

Notes
Turn   | Place    | Note
-------+----------+-------------------------------------------
     0 | D:1      | pkoi the Draconian Conjurer began the quest for the Orb.
     0 | D:1      | Reached XP level 1. HP: 14/14 MP: 3/3
   569 | D:1      | Reached XP level 2. HP: 20/20 MP: 3/5
   850 | D:1      | Learned a level 2 spell: Searing Ray
  1588 | D:2      | Reached skill level 5 in Conjurations
  1602 | D:2      | Reached XP level 3. HP: 26/26 MP: 0/6
  1844 | D:2      | Found a blossoming altar of Fedhas.
  1882 | D:2      | Noticed an orc warrior
  2219 | D:2      | Reached XP level 4. HP: 30/33 MP: 2/7
  2237 | D:2      | Learned a level 4 spell: Iskenderun's Mystic Blast
  2775 | D:3      | Reached skill level 6 in Conjurations
  2984 | D:3      | Found an ancient bone altar of Kikubaaqudgha.
  3046 | D:3      | Noticed Natasha
  3050 | D:3      | Reached XP level 5. HP: 36/38 MP: 4/8
  3068 | D:3      | Killed Natasha
  3209 | D:3      | Noticed Sigmund
  3314 | D:3      | Killed Sigmund
  3314 | D:3      | Reached skill level 7 in Conjurations
  3314 | D:3      | Reached XP level 6. HP: 40/45 MP: 0/10
  3343 | D:3      | Learned a level 3 spell: Dazzling Spray
  3927 | D:4      | Your scales start taking on a lurid green colour.
  3927 | D:4      | Reached XP level 7. HP: 50/50 MP: 9/12
  3927 | D:4      | Gained mutation: Your system is resistant to poisons. (rPois) [Green Draconian growth]
  4026 | D:4      | Found Yblatuqo's Assorted Antiques.
  4585 | D:5      | Entered Level 5 of the Dungeon
  4623 | D:5      | Reached skill level 8 in Conjurations
  4838 | D:5      | Found a white marble altar of Elyvilon.
  4928 | D:5      | Found a glowing silver altar of Zin.
  5085 | D:5      | Reached skill level 9 in Conjurations
  5601 | D:6      | Reached XP level 8. HP: 57/57 MP: 6/14
  5664 | D:6      | Reached skill level 1 in Fighting
  5664 | D:6      | Reached skill level 1 in Long Blades
  6245 | D:6      | Reached skill level 10 in Conjurations
  7243 | D:7      | Got a shimmering iron amulet
  7248 | D:7      | Identified the amulet of Hukh {Spirit *Drain +Blink rN++ Stlth+} (You found it on level 7 of the Dungeon)
  7468 | D:7      | Reached XP level 9. HP: 43/69 MP: 8/15
  8133 | D:7      | Found a staircase to the Ecumenical Temple.
  8327 | Temple   | Entered the Ecumenical Temple
  8531 | Temple   | Became a worshipper of Dithmenos the Shadowed
  8729 | D:8      | Reached skill level 11 in Conjurations
  9104 | D:8      | Learned a level 3 spell: Regeneration
  9116 | D:8      | Found an iron altar of Okawaru.
  9181 | D:8      | Learned a level 1 spell: Apportation
  9367 | D:8      | Reached skill level 1 in Necromancy
  9631 | D:8      | Reached skill level 1 in Hexes
  9631 | D:8      | Reached skill level 1 in Charms
  9971 | D:9      | Noticed a two-headed ogre
  9971 | D:9      | Noticed a two-headed ogre
  9990 | D:8      | Killed a two-headed ogre
  9990 | D:8      | Reached skill level 1 in Translocations
  9990 | D:8      | Reached XP level 10. HP: 32/80 MP: 9/16
 10264 | D:9      | Killed a two-headed ogre
 10454 | D:9      | Reached * piety under Dithmenos
 10494 | D:9      | Found a deep blue altar of Sif Muna.
 10501 | D:9      | Found a sacrificial altar of Ru.
 10504 | D:9      | Found an ornate altar of the Wu Jian Council.
 10528 | D:9      | Found a radiant altar of Vehumet.
 10785 | D:9      | Found a stormy altar of Qazlal.
 10936 | D:9      | Found a staircase to the Orcish Mines.
 11083 | D:10     | Entered Level 10 of the Dungeon
 11100 | D:10     | Learned a level 2 spell: Shroud of Golubria
 11165 | D:10     | Found a staircase to the Lair.
 11195 | D:10     | Reached skill level 5 in Fighting
 11228 | D:10     | Reached ** piety under Dithmenos
 11569 | D:10     | Reached skill level 5 in Long Blades
 11580 | D:10     | Reached skill level 5 in Dodging
 11580 | D:10     | Reached skill level 12 in Conjurations
 12096 | D:10     | Reached XP level 11. HP: 80/89 MP: 13/17
 12520 | D:11     | Noticed a five-headed hydra
 12540 | D:11     | Killed a five-headed hydra
 12651 | D:11     | Found Mill's Jewellery Shoppe.
 12840 | Lair:1   | Entered Level 1 of the Lair of Beasts
 13196 | Lair:1   | Found a labyrinth entrance.
 13200 | Lab      | Entered a labyrinth
 13413 | Lab      | Noticed a minotaur
 13421 | Lab      | Mangled by a minotaur

Vault maps used:
D:1:      lemuel_arrival_muddy
D:2:      lemuel_round_altar, grunt_decor_fettered
D:3:      nicolae_overflow_hidden_temple, first_ration, uniq_sigmund,
          uniq_natasha
D:4:      kennysheep_big_flooded_room, serial_shops,
          nicolae_shop_overgrown_old_shop
D:5:      elyvilon_altar_1, lemuel_crystal_altar
D:6:      wad_crossroads, water_maze_lemuel
D:7:      minmay_temple_entry_overgrown
D:8:      blue_anna_alchemist, okawaru_metal_pillars_1_2
D:9:      grunt_temple_overflow_cloverleaf, orc_0_dummy,
          hangedman_decor_riveting, nicolae_qazlal_eye_of_the_storm
D:10:     lair_entry_dummy
D:11:     serial_shops, shop_fountains, basic_altar, uniq_sonja, uniq_nergalle
Temple:   eino_narrow_crystal_temple
Lair:1:   lab_entry_generic, st_stairs_8, serial_bayou_shore_a,
          lemuel_fruit_fields
Lab:      labyrinth_mini_lab, nicolae_lab_grate_2, nicolae_lab_flowing_pool,
          nicolae_lab_grate, labyrinth_glass_1

Skill      XL: |  1  2  3  4  5  6  7  8  9 10 11 |
---------------+----------------------------------+-----
Conjurations   | 5 6 7 9 10 11 12 | 12.3
Spellcasting   | 3 4 |  4.1
Dodging        | 3 4 5 |  5.9
Fighting       | 3 4 5 6 |  6.6
Long Blades    | 2 4 5 6 |  6.0
Necromancy     | 2 3 |  3.5
Hexes          | 1 2 |  2.9
Charms         | 1 2 3 |  3.1
Translocations | 1 3 |  3.0
Stealth        | |  1.7

Action                   |  1- 3 |  4- 6 |  7- 9 | 10-12 || total
-------------------------+-------+-------+-------+-------++-------
Melee: Unarmed           |    10 |       |       |       ||    10
       Club              |    42 |    31 |     9 |       ||    82
       Tailslap          |     4 |     3 |    13 |    13 ||    33
       Whip              |       |       |    12 |       ||    12
       Long sword        |       |       |    75 |   104 ||   179
 Cast: Magic Dart        |    77 |    65 |    80 |    65 ||   287
       Searing Ray       |     1 |    13 |    53 |    56 ||   123
       Iskenderun's Myst |       |       |       |     4 ||     4
       Dazzling Spray    |       |       |       |     3 ||     3
 Abil: Breathe Noxious F |       |       |     6 |     2 ||     8
  Use: Scroll            |     2 |       |    13 |     5 ||    20
       Potion            |       |       |     8 |       ||     8
 Stab: Sleeping          |       |     1 |     1 |     1 ||     3
       Confused          |       |       |     2 |       ||     2
  Eat: Chunk             |     3 |     6 |    14 |     9 ||    32
       Ration            |     1 |       |     2 |     1 ||     4
Armor: Skin              |    27 |    36 |    69 |    56 ||   188
Dodge: Dodged            |    44 |    42 |   118 |   202 ||   406
       Rpst.: Long sword |       |       |    34 |    64 ||    98

Table legend:
 A = Spawn XP
 B = Non-spawn XP
 C = Spawn XP percentage of total XP
 D = Spawn monster count
 E = Non-spawn monster count
 F = Spawn count percentage of total count
 G = Total turns spent on level
                    A         B        C        D         E        F      G
               +---------+---------+-------+---------+---------+-------+---------
         Total |       0 |   14858 |   0.0 |       0 |     254 |   0.0 | 13421
               +---------+---------+-------+---------+---------+-------+---------
           D:1 |       0 |      36 |   0.0 |       0 |      25 |   0.0 |  1519
           D:2 |       0 |     104 |   0.0 |       0 |      24 |   0.0 |  1190
           D:3 |       0 |     401 |   0.0 |       0 |      28 |   0.0 |   982
           D:4 |       0 |     278 |   0.0 |       0 |      15 |   0.0 |   911
           D:5 |       0 |     563 |   0.0 |       0 |      19 |   0.0 |   975
           D:6 |       0 |    1118 |   0.0 |       0 |      24 |   0.0 |  1581
           D:7 |       0 |     731 |   0.0 |       0 |      13 |   0.0 |  1299
           D:8 |       0 |    3175 |   0.0 |       0 |      28 |   0.0 |  1560
           D:9 |       0 |    2029 |   0.0 |       0 |      24 |   0.0 |   853
          D:10 |       0 |    3603 |   0.0 |       0 |      40 |   0.0 |  1511
          D:11 |       0 |    1209 |   0.0 |       0 |       4 |   0.0 |   246
        Lair:1 |       0 |    1611 |   0.0 |       0 |      10 |   0.0 |   360
               +---------+---------+-------+---------+---------+-------+---------
